 Dungeon Crawl Stone Soup version 0.27-a0-1154-gfdeffcb720 (webtiles) character file.

Game seed: 14428733510067803261

191 freelancePsychic the Bolt Thrower (level 6, 0/38 HPs)
             Began as a Kobold Hunter on May 15, 2021.
             Was an Initiate of Trog.
             Shot with an arrow by a centaur (3 damage)
             ... on level 4 of the Dungeon.
             The game lasted 00:06:47 (3763 turns).

freelancePsychic the Bolt Thrower (Kobold Hunter)   Turns: 3763, Time: 00:06:47

Health: 0/38       AC: 12    Str: 11    XL:     6   Next: 2%
Magic:  6/6        EV:  7    Int: 12    God:    Trog [......]
Gold:   153        SH:  0    Dex: 16    Spells: 5/5 levels left

rFire    . . .     SeeInvis .   b - +0 short sword
rCold    . . .     Faith    .   (shield restricted)
rNeg     . . .     Spirit   .   o - +3 chain mail {Will+}
rPois    .         Reflect  .   (no helmet)
rElec    .         Harm     .   (no cloak)
rCorr    .         Rampage  .   m - +0 pair of gloves
Will     +....                  (no boots)
Stlth    +.........             (no amulet)
HPRegen  0.12/turn              (no ring)
MPRegen  0.10/turn              (no ring)

@: brilliant, flying, hasted, very quick
A: small, no large weapons, nightstalker 3
a: Renounce Religion


You were on level 4 of the Dungeon.
You worshipped Trog.
Trog was noncommittal.
You visited 2 branches of the dungeon, and saw 5 of its levels.

You collected 153 gold pieces.

Inventory:

Hand Weapons
 a - a +1 hand crossbow
 b - a +0 short sword (weapon)
 q - a +4 dagger of speed
Missiles
 d - 72 bolts
Armour
 c - a +0 leather armour
 j - a +0 ring mail
 m - a +0 pair of gloves (worn)
 o - a +3 chain mail of willpower (worn)
Jewellery
 n - an amulet of magic regeneration
 s - a +6 ring of dexterity
Scrolls
 e - 4 scrolls of identify {@r1}
 g - 2 scrolls of magic mapping {unknown}
 i - a scroll of fog {unknown}
 k - a scroll of enchant armour
 u - 3 scrolls of enchant weapon
 v - a scroll of holy word {unknown}
 w - a scroll of brand weapon {unknown}
 x - a scroll of immolation {unknown}
Potions
 l - a potion of curing {unknown}
 r - a potion of brilliance


   Skills:
 + Level 4.2 Fighting
 + Level 4.2 Short Blades
 - Level 4.8 Crossbows
 - Level 2.4 Dodging
 * Level 3.7 Stealth


You had 5 spell levels left.
You didn't know any spells.
Your spell library contained the following spells:

 Spells                   Type           Power      Damage    Failure   Level
 Magic Dart               Conj           0%         1d3       100%        1
 Searing Ray              Conj           0%         3d3       100%        2
 Dazzling Flash           Conj/Hex       0%         N/A       100%        3
 Fulminant Prism          Conj/Hex       0%         3d6       100%        4
 Iskenderun's Mystic Bla  Conj/Tloc      0%         2d3       100%        4


Dungeon Overview and Level Annotations

Branches:
Dungeon (4/15)             Temple (1/1) D:4

Altars:
Ashenzari
Dithmenos
Hepliaklqana
Kikubaaqudgha
Makhleb
Nemelex Xobeh
Qazlal
Ru
Sif Muna
Trog
Vehumet
Wu Jian
Xom
Yredelemnul


Innate Abilities, Weirdness & Mutations

You are small and have problems with some larger weapons.
You are completely attuned to the shadows.


Message History

You hit the centaur but do no damage.
The centaur is moderately wounded.
The centaur hits you but does no damage.
The centaur kicks you but does no damage.
The centaur hits you but does no damage.
The centaur completely misses you.
You hit the centaur.
The centaur is moderately wounded.
The centaur hits you but does no damage.
The centaur kicks you but does no damage.
You hit the centaur.
The centaur is moderately wounded.
The centaur hits you but does no damage.
The centaur completely misses you.
You hit the centaur but do no damage.
The centaur is moderately wounded.
The centaur barely misses you. The centaur closely misses you.
The centaur hits you but does no damage.
The centaur kicks you but does no damage.
As you read the scroll labelled ECRUS NIRUTUP, it crumbles to dust.
It is a scroll of identify.
k - a scroll of enchant armour The centaur hits you but does no damage.
The centaur kicks you but does no damage.
The centaur hits you but does no damage.
The centaur kicks you but does no damage.
As you read the scroll labelled VOYTSAFORO, it crumbles to dust.
It is a scroll of enchant weapon.
Your +3 dagger of speed glows red for a moment.
The centaur hits you but does no damage.
The centaur completely misses you.
The centaur hits you but does no damage.
The centaur kicks you but does no damage.
Blink to where?
Press: ? - help, Dir - move target
As you read the scroll labelled OROURCHINIT, it crumbles to dust.
It was a scroll of blinking.
The centaur wields a +0 shortbow.
The centaur shoots an arrow.
The arrow hits you.
You die...

###...# #.#.......###..#...#.....
......###........................
...........###.......##..#....###
..[.............#...###..#...## #
..†......#....................#
..........#...................#
..........#............#.....##
........... ........#..##...##
#...@..)#...##### ............#
............# .........####
...#..c....## .............#
#...###.....## #.###.....##
#.cc.......#


You could see a centaur.

Vanquished Creatures
  2 hounds (D:4)
  A centaur skeleton (D:4)
  An iguana (D:4)
  3 adders
  A dart slug (D:4)
  2 orcs (D:4)
  8 endoplasms
  2 giant cockroaches
  5 goblins
  A hobgoblin (D:1)
  2 quokkas
  5 ball pythons
  3 bats
  7 kobolds
  6 rats
49 creatures vanquished.

Notes
Turn   | Place    | Note
-------+----------+-------------------------------------------
     0 | D:1      | freelancePsychic the Kobold Hunter began the quest for the
                  | Orb.
     0 | D:1      | Reached XP level 1. HP: 12/12 MP: 1/1
   170 | D:1      | Reached skill level 1 in Short Blades
   314 | D:1      | Reached XP level 2. HP: 18/18 MP: 2/2
   861 | D:2      | Reached XP level 3. HP: 19/23 MP: 3/3
  2136 | D:3      | Found a shadowy altar of Dithmenos.
  2850 | D:4      | Reached XP level 4. HP: 17/29 MP: 4/4
  3126 | D:4      | Found a staircase to the Ecumenical Temple.
  3132 | Temple   | Entered the Ecumenical Temple
  3176 | Temple   | Became a worshipper of Trog the Wrathful
  3377 | D:4      | Found a shimmering altar of Xom.
  3446 | D:4      | Reached XP level 5. HP: 25/33 MP: 5/5
  3727 | D:4      | Noticed a centaur
  3740 | D:4      | Reached XP level 6. HP: 31/38 MP: 6/6
  3763 | D:4      | Shot with an arrow by a centaur

Illustrated notes

Levels and vault maps discovered:
D:1:      lemuel_arrival_broad_hall, layout_rooms
D:2:      layout_basic
D:3:      layout_basic, grunt_dithmenos_smoke_and_mirrors
D:4:      layout_cave_pools, kennysheep_mini, minmay_temple_entry_mini_moons,
          minmay_manual_mares
Temple:   minmay_temple_bridge_abc

Skill      XL: |  1  2  3  4  5 |
---------------+----------------+-----
Short Blades   | 1 2 3 4 |  4.2
Fighting       | 3 4 |  4.2
Stealth        | 2 3 |  3.7
Crossbows      | |  4.8
Dodging        | |  2.4

Action                   |  1- 3 |  4- 6 || total
-------------------------+-------+-------++-------
Melee: Short sword       |    68 |    82 ||   150
       Dagger            |     4 |       ||     4
 Fire: Hand crossbow     |    18 |    12 ||    30
  Use: Potion            |       |     4 ||     4
       Scroll            |       |     3 ||     3
 Stab: Sleeping          |    10 |       ||    10
Armor: Leather armour    |     8 |       ||     8
       Chain mail        |    27 |    95 ||   122
       Ring mail         |     1 |       ||     1
Dodge: Dodged            |    22 |    45 ||    67

Table legend: (Time is in decaauts)
 A = Elapsed time spent in this place.
 B = Non-inter-level travel time spent in this place.
 C = Inter-level travel time spent in this place.
 D = Time resting spent in this place.
 E = Time spent auto-exploring this place.
 F = Levels seen in this place.
 G = Mean time per level.
                   A        B        C        D        E       F      G
               +--------+--------+--------+--------+--------+-----+--------+
         Total |   3751 |   3548 |    203 |    165 |   2940 |   5 |  750.2 |
       Dungeon |   3688 |   3504 |    184 |    165 |   2925 |   4 |  922.0 |
        Temple |     63 |     44 |     19 |      0 |     15 |   1 |   63.0 |
               +--------+--------+--------+--------+--------+-----+--------+

Top non-repeatable levels by time:
     D:2: 1146 daAuts
     D:3: 884 daAuts
     D:4: 869 daAuts
     D:1: 787 daAuts
  Temple: 63 daAuts
